Workbook

Sheet Pedido Cotizacion
C1: COOPERATIVA DE PROVISION DE SERVICIOS ELECTRICOS, PUBLICOS, SOCIALES DE SAN PEDRO LTDA. | H1: PEDIDO DE COTIZACION
E2: Licitación: | G2: 092/026
A3: R. Naón 2499 - San Pedro (B) - Telefono (03329) 431300
A4: Compras: Internos 335-336 Fax: Interno 319 las 24 hs | E4: "Venta de vehiculos y equipos usados"
A5: E-MAIL: compras@coopser.com.ar | E5: Apertura: Lunes 19 Octubre 2026 11:00 hs
F6: Mantenimiento de oferta: | G6: INDICAR/30 DIAS
A7: Sres.: | F7: Plazo de entrega: | G7: Inmediato, ver requisito
F8: Entrega oferta: | G8: Romulo Naón 2499
A9: Dir.: | F9: Lugar entrega de material: | G9: Romulo Naón 2499
A27: Solicitamos la cotización de lo siguiente:
A28: ITEM | B28: CANT | C28: U | D28: DESCRIPCION DEL MATERIAL | F28: (*) | G28: Precio Unitario FINAL | H28: Precio Total FINAL
A30: VENTA DE UNIDADES Y MAQUINARIAS USADAS
A31: 1 | B31: 1 | C31: uni | D31: Aplanadora con su tráiler. Base:$ 7.000.000
A32: 2 | B32: 1 | C32: uni | D32: Cordonera FISA modelo TAR30
A33: 3 | B33: 1 | C33: uni | D33: Mezcladora. Base: $ 1.500.000
A34: 4 | B34: 1 | C34: uni | D34: Picadora de ladrillos. Base: $ 600.000
A35: 5 | B35: 1 | C35: uni | D35: Retroexcavadora Caterpillar 416. Esta maquina cuenta con las reparaciones de bomba inyectora, de motor completo y de convertidor reparadas a nuevo. Todos los trabajos fueron realizado en taller externo, especializado en ese tipo de trabajo. VALOR BASE: u$s 18.000
A36: 6 | B36: 1 | C36: uni | D36: Tanque Cisterna Agua. Base: $ 9.000.000
A37: 7 | B37: 1 | C37: uni | D37: Terminadora asfáltica IMPEX modelo HPH2000
A38: 8 | B38: 1 | C38: uni | D38: Tractor Massey Fergusson 265 serie N° 213 033491 con Hoyadora Pierantoni reformada a hidráulica. VALOR BASE: u$s 15.000
A39: ORIGINAL | C39: (*) El oferente deberá indicar si los bienes que cotiza son de origen nacional o no. | H39: Pag. 1
A40: ITEM | B40: CANT | C40: U | D40: DESCRIPCION DEL MATERIAL | F40: (*) | G40: Precio Unitario FINAL | H40: Precio Total FINAL
A42: 9 | B42: 1 | C42: uni | D42: Acoplado carreton marca PONY A.T.F, capacidad de carga 6 TNB, largo util: 6 mts, Ancho 2.60 mts, Cantidad ejes: 2 c/frenos eléctricos. Elásticos tipo ballestas, Maza M.B. 716-6 aug: Rodado dual 750x16, con 8 llantas + 1 auxilio, sistema de giro mediante aro giratorio a bolas, chasis contruido en vigas especiales, piso de chapa antideslizante1/8, plataforma de carga recta, pecho entero fijom manotas en chapa plegadam rampa trasera para carga, accionamiento manual, ganchos embutidos para amarrar. Color Blanco. Año 2013. Base: $ 15.000.000
A43: 10 | B43: 1 | C43: uni | D43: Unidad Furgon, M.Benz, Sprinter 310, año 1999, motor 632999-10513444, chasis 8AC690330XA531100, dominio CPK 986, color blanco. Base: $ 7.500.000
D44: Solicitar fotos por mail de todo lo ofrecido
D47: Los elementos detallados son "Usados".
B48: Las unidades podrán ser vistas y probadas en Planta Operativa de Coopser, Rómulo Naon 2499, San Pedro, de 7 a 14 horas.
C50: Anunciarse en porteria
B52: Datos del oferente:
C53: - Nombre y Apellido
C54: - DNI
C55: - Direccion
C56: - Telefono
C57: - Mail
A69: ORIGINAL | C69: (*) El oferente deberá indicar si los bienes que cotiza son de origen nacional o no. | H69: Pag. 2

Sheet compa
A1: COMPARATIVA APERTURA LIC 054/026
A2: ITEM | B2: CANT. | D2: DESCRIPCION | F2: O F E R E N T E S
C3: uni | F3: HIERROS KEVIN | K3: MIGUEL ANGEL ROMAGNANO | AT3: PRECIO MINIMO
F4: Modelo | G4: U$S | H4: $ | I4: total | K4: Modelo | L4: U$S | M4: $ | N4: total | P4: Modelo | Q4: U$S | R4: $ | S4: total | U4: Modelo | V4: U$S | W4: $ | X4: total | Z4: Modelo | AA4: U$S | AB4: $ | AC4: total | AE4: Modelo | AF4: U$S | AG4: $ | AH4: total | AJ4: Modelo | AK4: U$S | AL4: $ | AM4: total | AO4: Modelo | AP4: U$S | AQ4: $ | AR4: total
A5: 1 | B5: 1 | C5: uni | D5: =+'Pedido Cotizacion'!D31:E31 -> Aplanadora con su tráiler. Base:$ 7.000.000 | S5: =+R5*$B5 -> 0 | AH5: =+AG5*$B5 -> 0 | AR5: =+AQ5*$B5 -> 0 | AT5: =MIN(AB5,R5,W5,H5,M5) -> 0
A6: 2 | B6: 1 | C6: uni | D6: =+'Pedido Cotizacion'!D32:E32 -> Cordonera FISA modelo TAR30 | AH6: =+AG6*$B6 -> 0 | AR6: =+AQ6*$B6 -> 0 | AT6: =MIN(AB6,R6,W6,H6,M6) -> 0
A7: 3 | B7: 1 | C7: uni | D7: =+'Pedido Cotizacion'!D33:E33 -> Mezcladora. Base: $ 1.500.000 | AH7: =+AG7*$B7 -> 0 | AR7: =+AQ7*$B7 -> 0 | AT7: =MIN(AB7,R7,W7,H7,M7) -> 0
A8: 4 | B8: 1 | C8: uni | D8: =+'Pedido Cotizacion'!D34:E34 -> Picadora de ladrillos. Base: $ 600.000 | AH8: =+AG8*$B8 -> 0 | AR8: =+AQ8*$B8 -> 0 | AT8: =MIN(AB8,R8,W8,H8,M8) -> 0
A9: 5 | B9: 1 | C9: uni | D9: Retroexcavadora BASE U$S18.000,00 | I9: =+H9*$B9 -> 0 | AH9: =+AG9*$B9 -> 0 | AR9: =+AQ9*$B9 -> 0 | AT9: =MIN(AB9,R9,W9,H9,M9) -> 0
A10: 6 | B10: 1 | C10: uni | D10: =+'Pedido Cotizacion'!D36 -> Tanque Cisterna Agua. Base: $ 9.000.000 | M10: 3100000 | X10: =+W10*$B10 -> 0 | AC10: =+AB10*$B10 -> 0 | AH10: =+AG10*$B10 -> 0 | AR10: =+AQ10*$B10 -> 0 | AT10: =MIN(AB10,R10,W10,H10,M10) -> 3100000
A11: 7 | B11: 1 | C11: uni | D11: =+'Pedido Cotizacion'!D37 -> Terminadora asfáltica IMPEX modelo HPH2000 | AH11: =+AG11*$B11 -> 0 | AR11: =+AQ11*$B11 -> 0 | AT11: =MIN(AB11,R11,W11,H11,M11) -> 0
A12: 8 | B12: 1 | C12: uni | D12: Tractor MF con hoyadora BASE U$S 15.000,00 | I12: =+H12*$B12 -> 0 | AH12: =+AG12*$B12 -> 0 | AR12: =+AQ12*$B12 -> 0 | AT12: =MIN(AB12,R12,W12,H12,M12) -> 0
A13: 9 | B13: 1 | C13: uni | D13: Carreton Pony $ 12.000.000 | I13: =+H13*$B13 -> 0 | S13: =+R13*$B13 -> 0 | AH13: =+AG13*$B13 -> 0 | AR13: =+AQ13*$B13 -> 0 | AT13: =MIN(AB13,R13,W13,H13,M13) -> 0
A14: 10 | B14: 1 | C14: uni | D14: Ford F100 1991 $ 4.500.000 | H14: 5000000 | I14: =+H14*$B14 -> 5000000 | M14: 5100000 | X14: =+W14*$B14 -> 0 | AC14: =+AB14*$B14 -> 0 | AH14: =+AG14*$B14 -> 0 | AR14: =+AQ14*$B14 -> 0 | AT14: =MIN(AB14,R14,W14,H14,M14) -> 5000000
A15: 11 | B15: 1 | C15: uni | D15: Ford F100 1993$ 4.500.000 | H15: 5000000 | I15: =+H15*$B15 -> 5000000 | M15: 5600000 | X15: =+W15*$B15 -> 0 | AC15: =+AB15*$B15 -> 0 | AH15: =+AG15*$B15 -> 0 | AM15: =+AL15*$B15 -> 0 | AR15: =+AQ15*$B15 -> 0 | AT15: =MIN(AB15,R15,W15,H15,M15) -> 5000000
A16: 12 | B16: 1 | C16: uni | D16: Furgon MB Sprinter 310 1999 $ 6.800.000 | H16: 7500000 | I16: =+H16*$B16 -> 7500000 | X16: =+W16*$B16 -> 0 | AC16: =+AB16*$B16 -> 0 | AH16: =+AG16*$B16 -> 0 | AR16: =+AQ16*$B16 -> 0 | AT16: =MIN(AB16,R16,W16,H16,M16) -> 7500000
E18: TOTAL FINAL DE OFERTA | H18: =+SUM(I5:I16) -> 17500000 | M18: =+SUM(M5:M16) -> 13800000 | R18: =+SUM(S5:S16) -> 0 | W18: =+SUM(X5:X16) -> 0 | AB18: =+SUM(AC5:AC16) -> 0 | AG18: =+SUM(AH5:AH16) -> 0 | AL18: =+SUM(AM5:AM16) -> 0 | AQ18: =+SUM(AR5:AR16) -> 0
E21: PAGO | AT21: Observaciones:
B22: dólar Billete | D22: fecha
E23: DATOS | F23: Kevin Jesus | K23: Miguel Angel Romagnano
K24: 3329-593526 | M24: dni 20490660
B25: dólar Divisa | D25: fecha | K25: l.V. Gonzalez 1890
E26: FLETE INCLUIDO
E27: MANTENIMIENTO
E28: OTROS
A29: Cotizacion del dolar BNA | E29: IVA | F29: final | K29: final
E30: n° Cotizacion | F30: Mail | K30: original | P30: Original | U30: Original | Z30: Original | AE30: Original | AJ30: Original

Sheet modelo adjudicacion
A1: LIC. 054/026 VTA VEHICULOS Y MAQUINARIAS
A3: ITEM | B3: DETALLE | C3: PROVEEDOR | D3: CANT. | E3: Uni | F3: PCIO U$S | G3: Pcios Pesif. | H3: TOTAL CON IVA | J3: Observaciones
A4: 1 | B4: =+compa!D5 -> Aplanadora con su tráiler. Base:$ 7.000.000
A5: 2 | B5: =+compa!D6 -> Cordonera FISA modelo TAR30
A6: 3 | B6: =+compa!D7 -> Mezcladora. Base: $ 1.500.000
A7: 4 | B7: =+compa!D8 -> Picadora de ladrillos. Base: $ 600.000
A8: 5 | B8: =+compa!D9 -> Retroexcavadora BASE U$S18.000,00
A9: 6 | B9: =+compa!D10 -> Tanque Cisterna Agua. Base: $ 9.000.000
A10: 7 | B10: =+compa!D11 -> Terminadora asfáltica IMPEX modelo HPH2000
A11: 8 | B11: =+compa!D12 -> Tractor MF con hoyadora BASE U$S 15.000,00
A12: 9 | B12: =+compa!D13 -> Carreton Pony $ 12.000.000
A13: 10 | B13: =+compa!D14 -> Ford F100 1991 $ 4.500.000 | C13: MIGUEL ROMAGNANO | D13: 1 | E13: UNI | G13: =+compa!M14 -> 5100000 | H13: =+G13*D13 -> 5100000
A14: 11 | B14: =+compa!D15 -> Ford F100 1993$ 4.500.000 | C14: MIGUEL ROMAGNANO | D14: 1 | E14: UNI | G14: =+compa!M15 -> 5600000 | H14: =+G14*D14 -> 5600000
A15: 12 | B15: =+compa!D16 -> Furgon MB Sprinter 310 1999 $ 6.800.000 | C15: HIERROS KEVIN | D15: 1 | E15: UNI | G15: =+compa!H16 -> 7500000 | H15: =+G15*D15 -> 7500000
B17: Adjudicacion según: | C17: VENTA A MEJOR OFERTA ECONOMICA | H17: =SUM(G4:H15) -> 36400000
A20: ITEM | B20: DETALLE | C20: PROVEEDOR | D20: CANT. | E20: Uni | F20: PCIO U$S | G20: Pcios Pesif. | H20: TOTAL CON IVA | J20: Observaciones
A21: 1 | B21: =+B4 -> Aplanadora con su tráiler. Base:$ 7.000.000 | D21: =+D4 -> 0 | E21: Uni
A22: 2 | B22: =+B5 -> Cordonera FISA modelo TAR30 | D22: =+D5 -> 0 | E22: Uni
A23: 3 | B23: =+B6 -> Mezcladora. Base: $ 1.500.000 | D23: =+D6 -> 0 | E23: Uni
A24: 4 | B24: =+B7 -> Picadora de ladrillos. Base: $ 600.000 | D24: =+D7 -> 0 | E24: Uni
A25: 5 | B25: =+B8 -> Retroexcavadora BASE U$S18.000,00 | D25: =+D8 -> 0 | E25: Uni
A26: 6 | B26: =+B9 -> Tanque Cisterna Agua. Base: $ 9.000.000 | D26: =+D9 -> 0 | E26: Uni
A27: 7 | B27: =+B10 -> Terminadora asfáltica IMPEX modelo HPH2000 | D27: =+D10 -> 0 | E27: Uni
A28: 8 | B28: =+B11 -> Tractor MF con hoyadora BASE U$S 15.000,00 | D28: =+D11 -> 0 | E28: Uni
A29: 9 | B29: =+B12 -> Carreton Pony $ 12.000.000 | D29: =+D12 -> 0 | E29: Uni
A30: 10 | B30: =+B13 -> Ford F100 1991 $ 4.500.000 | D30: =+D13 -> 1 | E30: Uni
A31: 11 | B31: =+B14 -> Ford F100 1993$ 4.500.000 | D31: =+D14 -> 1 | E31: Uni
A32: 12 | B32: =+B15 -> Furgon MB Sprinter 310 1999 $ 6.800.000 | D32: =+D15 -> 1 | E32: Uni
B34: Adjudicacion según: | H34: =SUM(G21:H32) -> 0
